[Event "Titled Tuesday Blitz June 8 2021"]
[White "Tsydypov, Zhamsaran"]
[Black "Oganisian, Roman"]
[WhiteFideId "4108566"]
[BlackFideId "4153006"]
[WhiteElo "2645"]
[BlackElo "2204"]
[Result "0-1"]
[Round "01"]
[TimeControl "180+1"]
[Date "2021.06.08"]
[WhiteClock "0:00:14"]
[BlackClock "0:00:08"]

1. d4 e6 2. e4 d5 3. Nc3 Nf6 4. e5 Nfd7 5. f4 c5 6. Nf3 Nc6 7. Be3 h6 8. Qd2 g5 9. fxg5 cxd4 10. Nxd4 Ndxe5 11. O-O-O hxg5 12. Bxg5 Qxg5 13. Qxg5 Bh6 14. Qxh6 Rxh6 15. Ndb5 Ke7 16. Be2 Bd7 17. Na4 Rah8 18. h3 Rg8 19. Rh2 Rg3 20. Nc5 Rhg6 21. Bf1 Nb4 22. Nc3 b6 23. Nxd7 Kxd7 24. a3 Nbc6 25. Ne2 Re3 26. g4 Rf6 27. g5 Rf5 28. h4 Ng4 29. Rg2 Nf2 30. Re1 Ne4 31. Rh2 Nd4 32. Bh3 Rf2 33. Rxf2 Nxf2 34. Bf1 Nf3 35. h5 Nxe1 36. h6 Re4 37. Nc3 Rh4 38. Bb5+ Ke7 39. Bc6 Ne4 40. Nb5 Nxg5 41. Nxa7 Nef3 42. b4 Rxh6 43. Nc8+ Kd8 44. Na7 Kc7 45. Ba4 Nd4 46. c3 Ne2+ 47. Kd2 Nf4 48. Nb5+ Kb8 49. Ke3 e5 50. Nd6 Rh3+ 51. Kf2 Ne4+ 52. Nxe4 dxe4 53. Bb5 e3+ 54. Kg1 Rg3+ 55. Kf1 Rg2 56. a4 e2+ 0-1


[Site "https://www.chess.com"]

[Event "Titled Tuesday Blitz June 8 2021"]
[White "Urjubdshzirov, Erdni"]
[Black "Grandelius, Nils"]
[WhiteFideId "4186451"]
[BlackFideId "1710400"]
[WhiteElo "2452"]
[BlackElo "2842"]
[Result "0-1"]
[Round "01"]
[TimeControl "180+1"]
[Date "2021.06.08"]
[WhiteClock "0:00:29"]
[BlackClock "0:01:54"]

1. e4 e5 2. Nf3 Nc6 3. Bb5 a6 4. Ba4 Nf6 5. O-O Bc5 6. d3 d6 7. h3 Ba7 8. c3 O-O 9. Bg5 Ne7 10. Nbd2 Ng6 11. d4 h6 12. Be3 b5 13. Bc2 Bb7 14. Qe1 Re8 15. dxe5 Bxe3 16. Qxe3 dxe5 17. Nb3 Nf4 18. Nc5 Bc6 19. Rad1 Qe7 20. b4 a5 21. a3 axb4 22. axb4 Ra3 23. Ra1 Rxc3 24. Bd3 Nxd3 25. Nxd3 Bxe4 26. Nfxe5 Bxd3 27. Rfe1 Rb3 28. Qd2 Qd6 0-1


[Site "https://www.chess.com"]

[Event "Titled Tuesday Blitz June 8 2021"]
[White "Vignesh, N R"]
[Black "Belenkaya, Dina"]
[WhiteFideId "25012215"]
[BlackFideId "24142654"]
[WhiteElo "2401"]
[BlackElo "2247"]
[Result "1-0"]
[Round "01"]
[TimeControl "180+1"]
[Date "2021.06.08"]
[WhiteClock "0:00:18"]
[BlackClock "0:00:02"]

1. Nf3 Nf6 2. b3 d5 3. Bb2 c6 4. e3 Bf5 5. c4 e6 6. Be2 h6 7. O-O Bd6 8. d3 Bh7 9. Nbd2 Nbd7 10. a3 e5 11. b4 O-O 12. e4 dxe4 13. dxe4 Qe7 14. c5 Bc7 15. Bd3 Rfd8 16. Qe2 Nh5 17. g3 Nhf6 18. Nc4 b5 19. cxb6 axb6 20. Rac1 b5 21. Ncd2 Qe6 22. Bc2 Nb6 23. Bb3 Qe8 24. Kg2 Kh8 25. Rc2 Na4 26. Ba1 Nb6 27. Rfc1 Rxa3 28. Rxc6 Rxa1 29. Rxc7 Rxc1 30. Rxc1 Rc8 31. Rxc8 Nxc8 32. Qd3 Qe7 33. Qxb5 Nxe4 34. Qb8 Nd6 35. Nc4 Bg8 36. Ncxe5 Kh7 37. Qa8 g6 38. Qd5 Kg7 39. Qd4 f6 40. Nc6 Qd8 41. Bxg8 Kxg8 42. b5 Qf8 43. b6 Nb7 44. Qd7 Ncd6 45. Ne7+ Kf7 46. Nf5+ Kg8 47. Nxd6 Nxd6 48. Qe6+ Kg7 49. Nd4 Qb8 50. Qd7+ Kh8 51. Ne6 Qb7+ 52. Qxb7 Nxb7 53. Kf3 Kg8 54. Ke4 Kf7 55. Kd5 Ke7 56. Nc5 Nd8 57. b7 Nxb7 58. Nxb7 g5 59. Nc5 h5 60. Ne6 h4 61. g4 h3 62. Nd4 Kf7 63. Nf5 Kg6 64. Ke6 Kh7 65. Kxf6 Kh8 66. Kxg5 Kh7 67. Kh4 1-0


[Site "https://www.chess.com"]

[Event "Titled Tuesday Blitz June 8 2021"]
[White "Vokhidov, Shamsiddin"]
[Black "Pein, Jonathan"]
[WhiteFideId "14204223"]
[BlackFideId "417092"]
[WhiteElo "2572"]
[BlackElo "2167"]
[Result "1-0"]
[Round "01"]
[TimeControl "180+1"]
[Date "2021.06.08"]
[WhiteClock "0:01:35"]
[BlackClock "0:00:03"]

1. e4 d6 2. d4 Nf6 3. Bd3 Nc6 4. c3 e5 5. Nf3 Bg4 6. Be3 d5 7. Nbd2 dxe4 8. Nxe4 Nxe4 9. Bxe4 exd4 10. Bxc6+ bxc6 11. Qxd4 Qxd4 12. Nxd4 Bd7 13. O-O-O Bd6 14. Ne2 O-O 15. Bf4 Bg4 16. f3 Rfe8 17. Bxd6 Rxe2 18. Bxc7 Bf5 19. Rd2 Rae8 20. b3 c5 21. Rhd1 h5 22. c4 R8e6 23. Rxe2 Rxe2 24. Rd2 Re1+ 25. Kb2 h4 26. Bd6 Rb1+ 27. Ka3 h3 28. g4 Be6 29. Bxc5 a6 30. Kb4 Rf1 31. Rf2 Rc1 32. Ka5 Bc8 33. Kb6 g5 34. Be3 Rd1 35. Bxg5 Rd6+ 36. Kc5 Rg6 37. Bf4 Bd7 38. Rd2 Rc6+ 39. Kb4 Be6 40. Rd6 Rc8 41. Rxa6 Rd8 42. Rd6 Rb8+ 43. Kc3 Ra8 44. a4 Kg7 45. Be5+ Kg6 46. f4 Kh7 47. f5 Bc8 48. Rd8 f6 49. Bxf6 1-0


[Site "https://www.chess.com"]

[Event "Titled Tuesday Blitz June 8 2021"]
[White "Volkov, Maksim"]
[Black "Gumularz, Szymon"]
[WhiteFideId "54123070"]
[BlackFideId "1188062"]
[WhiteElo "2113"]
[BlackElo "2384"]
[Result "1-0"]
[Round "01"]
[TimeControl "180+1"]
[Date "2021.06.08"]
[WhiteClock "0:00:13"]
[BlackClock "0:00:06"]

1. d4 Nf6 2. c4 e6 3. g3 c5 4. d5 exd5 5. cxd5 d6 6. Nc3 g6 7. Bg2 Bg7 8. e4 O-O 9. Nf3 Bg4 10. O-O Nbd7 11. h3 Bxf3 12. Qxf3 a6 13. a4 Re8 14. Qe2 Rc8 15. Bf4 Ne5 16. Be3 c4 17. f4 Nd3 18. Bd4 Nd7 19. Bxg7 Kxg7 20. b3 Qb6+ 21. Kh2 Qxb3 22. Nd1 Nf6 23. Qd2 Nxe4 24. Bxe4 Rxe4 25. Nc3 Nc5 26. Rfb1 Ree8 27. Ra2 Ne4 28. Qd4+ Kh6 29. Rxb3 cxb3 30. Nxe4 bxa2 31. g4 Rc2+ 32. Kg3 Rxe4 33. g5+ Kh5 34. Qxe4 Rc3+ 35. Kg2 Rc2+ 36. Qxc2 a1=Q 37. Qe2+ Kh4 38. Qg4# 1-0


[Site "https://www.chess.com"]

[Event "Titled Tuesday Blitz June 8 2021"]
[White "Wu, Rochelle"]
[Black "Ozen, Bahadir"]
[WhiteFideId "30908132"]
[BlackFideId "6337058"]
[WhiteElo "2395"]
[BlackElo "2503"]
[Result "0-1"]
[Round "01"]
[TimeControl "180+1"]
[Date "2021.06.08"]
[WhiteClock "0:00:10"]
[BlackClock "0:00:17"]

1. d4 d5 2. c4 c6 3. Nc3 Nf6 4. Nf3 e6 5. Bg5 dxc4 6. e4 b5 7. e5 h6 8. Bh4 g5 9. Nxg5 hxg5 10. Bxg5 Nbd7 11. g3 Bb7 12. Bg2 Qb6 13. exf6 O-O-O 14. O-O a6 15. Rb1 c5 16. d5 Ne5 17. Qe2 Nd3 18. dxe6 Qxe6 19. Bxb7+ Kxb7 20. Qf3+ Qc6 21. Qf5 b4 22. Ne4 Rd5 23. Qg4 Rg8 24. h4 Rd4 25. f3 Ne5 26. Qf5 Nxf3+ 27. Rxf3 Qxe4 28. Qxe4+ Rxe4 29. Rd1 Rd4 30. Re1 Bd6 31. Re2 a5 32. Kg2 Kc6 33. Kh3 Rd3 34. Ree3 Rxe3 35. Rxe3 a4 36. Kg4 Kd5 37. h5 c3 38. bxc3 b3 39. axb3 axb3 40. h6 b2 41. Re1 Kc4 42. Kh5 Bxg3 43. Rf1 Bd6 44. Rb1 Kxc3 45. Rg1 Kc2 46. Rg2+ Kb3 47. Rg1 Ka2 48. Rg2 Be5 49. h7 Rh8 50. Kh6 c4 51. Kg7 Rxh7+ 52. Kxh7 c3 53. Kg7 Kb3 54. Rg1 c2 55. Kxf7 b1=Q 0-1


[Site "https://www.chess.com"]

[Event "Titled Tuesday Blitz June 8 2021"]
[White "Yoo, Christopher Woojin"]
[Black "Arias, Juan Cruz"]
[WhiteFideId "30909694"]
[BlackFideId "118540"]
[WhiteElo "2009"]
[BlackElo "2083"]
[Result "1-0"]
[Round "01"]
[TimeControl "180+1"]
[Date "2021.06.08"]
[WhiteClock "0:00:04"]
[BlackClock "0:00:03"]

1. d4 e6 2. c4 Nf6 3. Nf3 Bb4+ 4. Bd2 Qe7 5. g3 Nc6 6. Nc3 O-O 7. Bg2 d6 8. O-O a5 9. Rc1 Bxc3 10. Bxc3 e5 11. d5 Nb8 12. c5 Ne4 13. cxd6 cxd6 14. Be1 Nc5 15. Bd2 b6 16. Bg5 f6 17. Be3 Nba6 18. Nd2 b5 19. Nb3 Nxb3 20. Qxb3 Bd7 21. a3 Rfc8 22. Rc6 b4 23. Rb6 a4 24. Qd3 bxa3 25. Rxa6 e4 26. Bxe4 Rxa6 27. Bxh7+ Kh8 28. Qxa6 Kxh7 29. bxa3 Qe4 30. Rd1 Rc4 31. Qb6 Bh3 32. f3 Qc2 33. Re1 Qc3 34. Kf2 Qxa3 35. Qb1+ g6 36. Qb7+ Kg8 37. Qe7 Qb2 38. Qxd6 Qb7 39. Qd8+ Kf7 40. d6 Rc8 41. Qa5 Qd7 42. Qd5+ Be6 43. Qd2 a3 44. Ra1 a2 45. Rxa2 Bxa2 46. Qxa2+ Qe6 47. Qd2 Rd8 48. Bc5 Rd7 49. e4 g5 50. h4 Qc4 51. Be3 gxh4 52. gxh4 Qc6 53. Bf4 Qc5+ 54. Qe3 Qc2+ 55. Kg3 Qd1 56. Kf2 Qc2+ 57. Qe2 Qxe2+ 58. Kxe2 Ke6 59. h5 Rh7 60. h6 f5 61. Ke3 fxe4 62. Kxe4 Ra7 63. Be5 Ra4+ 64. Bd4 Ra2 65. h7 Re2+ 66. Kd3 Rh2 67. h8=Q Rxh8 68. Bxh8 1-0


[Site "https://www.chess.com"]

[Event "Titled Tuesday Blitz June 8 2021"]
[White "Zia, Tahsin Tajwar"]
[Black "Shipov, Sergei"]
[WhiteFideId "10211888"]
[BlackFideId "4113624"]
[WhiteElo "1800"]
[BlackElo "2774"]
[Result "0-1"]
[Round "01"]
[TimeControl "180+1"]
[Date "2021.06.08"]
[WhiteClock "0:00:02"]
[BlackClock "0:00:14"]

1. d4 Nf6 2. Bf4 g6 3. Nc3 Bg7 4. e4 d5 5. Nb5 Na6 6. e5 Ne4 7. f3 c6 8. Na3 Qa5+ 9. c3 Nxc3 10. Qd2 Bf5 11. Qxc3 Nb4 12. Bd2 Nd3+ 13. Bxd3 Qxc3 14. Bxc3 Bxd3 15. Nh3 f6 16. Nf2 Ba6 17. exf6 exf6 18. f4 Kf7 19. Kd2 h5 20. Rae1 Bh6 21. g3 Rhe8 22. Nd3 b6 23. b4 Re4 24. b5 Bxb5 25. Nxb5 cxb5 26. Nb4 Rd8 27. Nd3 Bf8 28. Nf2 Ree8 29. Rxe8 Rxe8 30. Re1 Rc8 31. Nd3 a5 32. Rc1 Rc4 33. Nb2 Rc8 34. Nd3 Rc4 35. Nb2 Rc8 36. Kd3 Ba3 37. Rc2 Ke6 38. Bd2 Rxc2 39. Kxc2 Kf5 40. Nd1 b4 41. Kd3 Kg4 42. Ne3+ Kh3 43. Nxd5 Kxh2 44. Nxf6 Kxg3 45. d5 a4 46. d6 b3 47. d7 bxa2 48. Bc3 Be7 49. Nd5 Bd8 50. Ba1 h4 51. Ne3 h3 52. Nf1+ Kf2 53. Ne3 Kf3 54. Nf1 b5 55. Kc3 Kxf4 56. Kb4 g5 57. Kxb5 g4 58. Kc6 g3 59. Kb7 g2 60. Kc8 Ba5 61. Bc3 gxf1=Q 62. Bxa5 Qa6+ 63. Kb8 Qxa5 0-1


[Site "https://www.chess.com"]

[Event "Titled Tuesday Blitz June 8 2021"]
[White "Zierk, Steven"]
[Black "Martins, Vinicius Tine"]
[WhiteFideId "2034255"]
[BlackFideId "2112884"]
[WhiteElo "2867"]
[BlackElo "2469"]
[Result "1/2-1/2"]
[Round "01"]
[TimeControl "180+1"]
[Date "2021.06.08"]
[WhiteClock "0:00:04"]
[BlackClock "0:00:09"]

1. e4 c5 2. Nf3 d6 3. d4 cxd4 4. Nxd4 Nf6 5. f3 Nc6 6. c4 g6 7. Nc3 Nxd4 8. Qxd4 Bg7 9. Be3 O-O 10. Qd2 Be6 11. Be2 a5 12. O-O a4 13. Kh1 Qa5 14. Rac1 Rfc8 15. Nd5 Qxd2 16. Bxd2 Bxd5 17. cxd5 Nd7 18. b4 axb3 19. axb3 Rxc1 20. Bxc1 Nc5 21. Bc4 b5 22. Bxb5 Nxb3 23. Bg5 Kf8 24. Rb1 Nc5 25. Bc6 Ra1 26. Rxa1 Bxa1 27. Kg1 Bg7 28. h4 h6 29. Be3 h5 30. Kf2 Bf6 31. g3 Kg7 32. Ke2 Bc3 33. Bg5 f6 34. Be3 Kf7 35. Bh6 Bb4 36. Bb5 Ba5 37. Be3 Bb4 38. Bf2 Ba5 39. Ke3 Bb6 40. Ke2 Ba5 41. Bc4 Bb6 42. f4 Ba5 43. Kf3 Bb4 44. f5 Nd7 45. fxg6+ Kxg6 46. Ba6 Ne5+ 47. Ke2 Bc3 48. Bc8 Bb4 49. Bf5+ Kg7 50. Be3 Ba5 51. Kf1 Bb4 52. Kg2 Be1 53. Kh3 Ba5 54. g4 hxg4+ 55. Bxg4 Be1 56. Be6 Nc4 57. Bg1 Bd2 58. h5 Be3 59. Bh2 Bg5 60. Bg3 Nd2 61. Bf5 Nc4 62. Be1 Ne5 63. Ba5 Bh6 64. Kg3 Kf8 65. Be6 Bg5 66. Bb4 Bh6 67. Bc3 Bg5 68. Bf5 Bh6 69. Kf2 Bg5 70. Ke2 Bh6 71. Kd1 Bg5 72. Kc2 Be3 73. Kb3 Kg7 74. Ba5 Kh6 75. Bd8 Kxh5 76. Bxe7 Kg5 77. Bxd6 Kf4 78. Be7 Nf7 79. Bxf6 Bc5 80. Bg6 Ne5 81. Bh7 Bd6 82. Kc3 Nd7 83. Bd8 Be5+ 84. Kc4 Bd6 85. Kb5 Ne5 86. Kb6 Nf7 87. Bc7 Bxc7+ 88. Kxc7 Ke5 89. Bg6 Nd6 90. Kc6 Nc4 91. Bf5 Nd6 92. Kc5 Ne8 93. Bg6 Nd6 94. Kc6 Nc8 95. Kc7 Nd6 96. Bf5 Nc4 97. Kc6 Nd6 98. Bg6 1/2-1/2


[Site "https://www.chess.com"]

[Event "Titled Tuesday Blitz June 8 2021"]
[White "Zubov, Alexander"]
[Black "Perez Rodriguez, Luis Manuel"]
[WhiteFideId "14109409"]
[BlackFideId "3503364"]
[WhiteElo "2740"]
[BlackElo "2429"]
[Result "1-0"]
[Round "01"]
[TimeControl "180+1"]
[Date "2021.06.08"]
[WhiteClock "0:00:10"]
[BlackClock "0:00:07"]

1. d4 d5 2. c4 c6 3. Nf3 Nf6 4. Qb3 dxc4 5. Qxc4 g6 6. Bf4 Bg7 7. Nbd2 O-O 8. e3 Bf5 9. Be2 Nbd7 10. O-O Rc8 11. Qa4 a6 12. Rac1 Nh5 13. Bg5 h6 14. Bh4 g5 15. Bg3 Nxg3 16. hxg3 e5 17. Nb3 Re8 18. Rfd1 Qe7 19. Na5 Bg4 20. dxe5 Nxe5 21. Qb3 Rb8 22. Nd4 Bxe2 23. Nxe2 Qf6 24. Nd4 c5 25. Rxc5 b6 26. Rxe5 Qxe5 27. Nac6 Qf6 28. Nxb8 Rxb8 29. Qc2 Rd8 30. Rc1 h5 31. b4 a5 32. b5 h4 33. g4 Rd5 34. Qc8+ Kh7 35. Qb7 Rxd4 36. exd4 Qf4 37. Re1 Bxd4 38. Qe4+ Qxe4 39. Rxe4 1-0


[Site "https://www.chess.com"]

[Event "Titled Tuesday Blitz June 8 2021"]
[White "Abrashkin, Boris"]
[Black "Svidler, Peter"]
[WhiteFideId "4120582"]
[BlackFideId "4102142"]
[WhiteElo "2613"]
[BlackElo "2754"]
[Result "0-1"]
[Round "02"]
[TimeControl "180+1"]
[Date "2021.06.08"]
[WhiteClock "0:01:23"]
[BlackClock "0:01:12"]

1. d4 Nf6 2. c4 g6 3. Nc3 d5 4. Bf4 Bg7 5. e3 O-O 6. cxd5 Nxd5 7. Nxd5 Qxd5 8. Bxc7 Bf5 9. Ne2 Rc8 10. Nc3 Qc6 11. Bg3 Na6 12. Be2 Qxg2 13. Bf3 Qh3 14. Bxb7 Nb4 15. Qf3 e5 16. Bxe5 Nd3+ 17. Kd2 Nxe5 18. dxe5 Qxf3 19. Bxf3 Rab8 20. b3 Bxe5 21. Rac1 Rd8+ 22. Ke2 Bd3+ 23. Ke1 Rbc8 24. Ne2 Rxc1+ 25. Nxc1 Bc3+ 26. Kd1 Be4+ 0-1


[Site "https://www.chess.com"]

[Event "Titled Tuesday Blitz June 8 2021"]
[White "Alavkin, Arseny"]
[Black "Tabatabaei, M. Amin"]
[WhiteFideId "4120612"]
[BlackFideId "12521213"]
[WhiteElo "2401"]
[BlackElo "2555"]
[Result "0-1"]
[Round "02"]
[TimeControl "180+1"]
[Date "2021.06.08"]
[WhiteClock "0:00:59"]
[BlackClock "0:00:23"]

1. e4 c5 2. Nc3 d6 3. d4 cxd4 4. Qxd4 Nc6 5. Qd2 g6 6. b3 Bh6 7. f4 Nf6 8. Bb2 O-O 9. O-O-O a5 10. a4 Nb4 11. Kb1 Qb6 12. Nf3 Bg4 13. Be2 Rfc8 14. h3 Nxe4 15. Nxe4 Rxc2 16. Qd4 Qxd4 17. Rxd4 Bxf3 18. Bxf3 Rxb2+ 19. Kxb2 Bg7 20. Rd1 Nc6 21. Kc3 Rc8 22. Nxd6 exd6 23. Bxc6 Rxc6+ 24. Kd3 Bxd4 25. Kxd4 Kf8 26. Re1 Rc2 27. g3 h5 28. Re3 Rc5 29. Re2 b5 30. Re3 b4 31. g4 h4 32. Rf3 Ke7 33. Re3+ Kd7 34. Rf3 Rc1 35. Rf2 Rd1+ 36. Ke4 f6 37. Rf3 d5+ 38. Ke3 Kd6 39. Ke2 Rc1 40. f5 g5 41. Re3 Rc3 42. Re6+ Kc5 43. Rxf6 Rxh3 44. Rg6 Rxb3 45. Rxg5 Rb2+ 46. Kd3 Rf2 47. Rh5 Rf3+ 48. Ke2 b3 49. Rxh4 Rf1 50. Kxf1 b2 51. Kg2 b1=Q 52. Rh3 Qe4+ 53. Kg3 d4 54. Kh4 d3 55. Kg5 d2 56. Rc3+ 0-1


[Site "https://www.chess.com"]

[Event "Titled Tuesday Blitz June 8 2021"]
[White "Baskin, Robert"]
[Black "Kovalev, Vladislav"]
[WhiteFideId "24662402"]
[BlackFideId "13504398"]
[WhiteElo "2462"]
[BlackElo "2573"]
[Result "0-1"]
[Round "02"]
[TimeControl "180+1"]
[Date "2021.06.08"]
[WhiteClock "0:00:01"]
[BlackClock "0:01:04"]

1. d4 Nf6 2. c4 g6 3. f3 Bg7 4. e4 d6 5. Nc3 O-O 6. Be3 c5 7. Nge2 Nc6 8. Qd2 e6 9. d5 Ne5 10. Ng3 a6 11. a4 exd5 12. cxd5 h5 13. Be2 h4 14. Nf1 Nh7 15. h3 g5 16. Qd1 f5 17. Nd2 Qf6 18. O-O Qg6 19. f4 gxf4 20. Bxf4 Bd7 21. Bh5 Qf6 22. Qb3 Nd3 23. e5 dxe5 24. d6+ Be6 25. Nd5 Nxf4 26. Rxf4 Qh6 27. Ne7+ Kh8 28. Ng6+ Qxg6 29. Bxg6 Bxb3 30. Rxh4 Bg8 31. Nf3 Bf6 32. Rh5 e4 33. Nd2 Rad8 34. Bxf5 Rxd6 35. Nxe4 Bd4+ 36. Kh1 Rd5 37. Rf1 Kg7 38. g4 Re5 39. Kh2 Rxe4 40. Bxh7 Rxf1 41. Bxe4 Rf2+ 42. Kg3 Rxb2 43. Rg5+ Kf8 44. Rf5+ Ke7 45. Rg5 Be6 46. h4 Rb3+ 47. Kg2 Re3 0-1


[Site "https://www.chess.com"]

[Event "Titled Tuesday Blitz June 8 2021"]
[White "Concio, Michael Jr."]
[Black "Tang, Andrew"]
[WhiteFideId "5217873"]
[BlackFideId "2059630"]
[WhiteElo "1896"]
[BlackElo "2584"]
[Result "1-0"]
[Round "02"]
[TimeControl "180+1"]
[Date "2021.06.08"]
[WhiteClock "0:00:04"]
[BlackClock "0:00:03"]

1. e4 e5 2. Nf3 Nc6 3. Bc4 Bc5 4. d3 Nf6 5. O-O d6 6. h3 a6 7. Nc3 Be6 8. Bxe6 fxe6 9. Be3 Bb4 10. a3 Bxc3 11. bxc3 O-O 12. Nd2 d5 13. Qe2 Qe8 14. f4 dxe4 15. fxe5 exd3 16. cxd3 Nxe5 17. Bc5 Ned7 18. Bxf8 Nxf8 19. Rab1 Qc6 20. Ne4 N8d7 21. Rbe1 Re8 22. c4 e5 23. Qf3 Qe6 24. Nxf6+ Nxf6 25. Qxb7 Qd6 26. Qb3 Kh8 27. Qc3 h6 28. Kh1 Nh5 29. Rf3 Qg6 30. d4 e4 31. Rfe3 Nf6 32. d5 Qf5 33. Qd4 Qd7 34. Rxe4 Nxe4 35. Rxe4 Rf8 36. Re6 Kg8 37. Qe5 Rf1+ 38. Kh2 Rf7 39. Re8+ Kh7 40. Qe4+ g6 41. Qe5 Rg7 42. c5 a5 43. c6 Qf7 44. Re6 Qf8 45. d6 cxd6 46. Qxd6 Qf7 47. Rf6 Qa7 48. Rf8 h5 49. Qd8 Kh6 50. Rh8+ Rh7 51. Qf8+ Kg5 52. h4+ Kg4 53. Qf3+ Kxh4 54. Qg3# 1-0


[Site "https://www.chess.com"]

[Event "Titled Tuesday Blitz June 8 2021"]
[White "Esipenko, Andrey"]
[Black "Sargsyan, Anna M."]
[WhiteFideId "24175439"]
[BlackFideId "13308130"]
[WhiteElo "2595"]
[BlackElo "2263"]
[Result "1/2-1/2"]
[Round "02"]
[TimeControl "180+1"]
[Date "2021.06.08"]
[WhiteClock "0:00:06"]
[BlackClock "0:00:04"]

1. c4 c6 2. Nf3 d5 3. g3 Nf6 4. Bg2 Bf5 5. Qb3 Qb6 6. d3 e6 7. Nc3 Nbd7 8. Nh4 Bg6 9. Nxg6 hxg6 10. Qxb6 Nxb6 11. b3 Bb4 12. Bd2 d4 13. Ne4 Bxd2+ 14. Nxd2 Ke7 15. b4 Na4 16. Nb3 Rad8 17. h3 e5 18. Kd2 Rc8 19. g4 b6 20. f4 c5 21. bxc5 bxc5 22. fxe5 Nd7 23. e6 Kxe6 24. e3 dxe3+ 25. Kxe3 f6 26. Rae1 Kd6 27. Kd2 Ne5 28. Kc2 Rhd8 29. g5 Kc7 30. Be4 f5 31. Bxf5 Nxc4 32. Bxc8 Na3+ 33. Kc1 Kxc8 34. Re7 Rxd3 35. Rf1 c4 36. Na5 Rc3+ 37. Kd1 Rd3+ 38. Ke2 Nc3+ 39. Kf2 Nd5 40. Rxg7 c3 41. Kg1 Nc7 42. Rff7 Ne6 43. Rg8+ Rd8 44. Rxd8+ Kxd8 45. Rxa7 c2 46. Nb3 Nd4 47. Nc1 Nab5 48. Kf2 Nxa7 49. Ke3 Ne6 50. h4 Ng7 51. Kd3 Nf5 52. Kxc2 Nxh4 53. Nd3 Nf3 54. Nf4 Nxg5 55. Nxg6 Ne6 56. Ne5 Nc5 57. Kc3 Kc7 58. Kc4 Kb6 59. Nd3 Nxd3 60. Kxd3 Ka5 61. a4 Kxa4 1/2-1/2


[Site "https://www.chess.com"]

[Event "Titled Tuesday Blitz June 8 2021"]
[White "Gelman, Alexander"]
[Black "Sarana, Alexey"]
[WhiteFideId "4118316"]
[BlackFideId "24133795"]
[WhiteElo "2375"]
[BlackElo "2629"]
[Result "0-1"]
[Round "02"]
[TimeControl "180+1"]
[Date "2021.06.08"]
[WhiteClock "0:00:48"]
[BlackClock "0:01:33"]

1. d4 Nf6 2. Nc3 d5 3. Bf4 a6 4. e3 c5 5. Nf3 Nc6 6. Ne5 Bf5 7. g4 Be6 8. Nxc6 bxc6 9. g5 Nd7 10. Na4 cxd4 11. exd4 g6 12. h4 Bg7 13. h5 O-O 14. Qd2 Bg4 15. hxg6 fxg6 16. Bh3 Bxh3 17. Rxh3 e5 18. dxe5 Nxe5 19. Bxe5 Bxe5 20. Nc5 Qe7 21. Qe2 Qxc5 0-1


[Site "https://www.chess.com"]

[Event "Titled Tuesday Blitz June 8 2021"]
[White "Goltsev, Dmitry"]
[Black "Horvath, Dominik"]
[WhiteFideId "24176710"]
[BlackFideId "1642561"]
[WhiteElo "2366"]
[BlackElo "2279"]
[Result "1-0"]
[Round "02"]
[TimeControl "180+1"]
[Date "2021.06.08"]
[WhiteClock "0:00:12"]
[BlackClock "0:00:03"]

1. e4 d5 2. exd5 Qxd5 3. d4 Nc6 4. c3 e5 5. Nf3 Nf6 6. Be3 e4 7. Nfd2 Ng4 8. Bf4 Bd6 9. Bxd6 cxd6 10. h3 Nf6 11. Na3 O-O 12. Nac4 b5 13. Ne3 Qg5 14. h4 Qg6 15. Bxb5 Ne7 16. Be2 Nf5 17. Ndf1 Rb8 18. Qd2 h5 19. Nxf5 Bxf5 20. Ne3 Be6 21. b3 Nd5 22. g3 Rfc8 23. Rc1 f5 24. c4 Nf6 25. Ng2 Qe8 26. Nf4 Bf7 27. d5 Nd7 28. Qd4 Ne5 29. O-O Qe7 30. Kg2 a5 31. Bxh5 Bxh5 32. Nxh5 Nf3 33. Qc3 Kh7 34. Rh1 a4 35. Nf4 axb3 36. axb3 Ra8 37. Ra1 Qb7 38. Ne6 Ne5 39. h5 Rxa1 40. Rxa1 Qxd5 41. cxd5 Rxc3 42. Ra7 e3 43. fxe3 Rc2+ 44. Kh3 Nf3 45. g4 fxg4+ 46. Kxg4 Ne5+ 47. Kg3 Kh6 48. Rxg7 Kxh5 49. Nf4+ Kh6 50. Re7 Rc3 51. Ng2 Kg5 52. Re6 Rxb3 53. Rxd6 Kf5 54. Rd8 Ke4 55. d6 Rd3 56. Kf2 Nc4 57. Re8+ Ne5 58. Re6 Kf5 59. Nf4 Ng4+ 60. Ke2 Ra3 61. d7 Ra2+ 62. Kf3 Nh2+ 63. Kg3 Nf1+ 64. Kh4 Rh2+ 65. Nh3 Nd2 66. d8=Q Nf3+ 67. Kg3 Kxe6 68. Qe8+ Kf6 69. Qf8+ Ke6 70. Qxf3 1-0


[Site "https://www.chess.com"]

[Event "Titled Tuesday Blitz June 8 2021"]
[White "Gusarov, Grigory"]
[Black "Zubov, Alexander"]
[WhiteFideId "24102172"]
[BlackFideId "14109409"]
[WhiteElo "2241"]
[BlackElo "2740"]
[Result "1/2-1/2"]
[Round "02"]
[TimeControl "180+1"]
[Date "2021.06.08"]
[WhiteClock "0:00:23"]
[BlackClock "0:00:05"]

1. e4 c5 2. Nf3 e6 3. b3 Nc6 4. Bb2 d6 5. Bb5 e5 6. O-O Nf6 7. Re1 Be7 8. c3 Bg4 9. h3 Bh5 10. d4 Nd7 11. Bxc6 bxc6 12. g4 Bg6 13. dxe5 dxe5 14. c4 Qc7 15. Nbd2 h5 16. Nf1 hxg4 17. hxg4 f6 18. Ng3 Nf8 19. Nf5 Ne6 20. Bc1 Rd8 21. Qe2 Bf7 22. Be3 Bf8 23. Rad1 Nd4 24. Bxd4 cxd4 25. Kg2 g6 26. N5xd4 Bb4 27. Rh1 Rxh1 28. Rxh1 exd4 29. e5 Qe7 30. Qe4 Qe6 31. Nxd4 Qxe5 32. Qxe5+ fxe5 33. Nxc6 Bf8 34. Nxd8 Kxd8 35. f3 Bc5 36. Rd1+ Ke7 37. Re1 Kf6 38. g5+ Kf5 39. Kg3 a5 40. Rd1 Bd4 41. Rh1 Kxg5 42. Rh7 Kf6 43. Rh8 Bc3 44. Rb8 Be6 45. Rb6 Ke7 46. Ra6 g5 47. c5 Bd5 48. Ra7+ Ke6 49. Ra6+ Ke7 50. Ra7+ Kd8 51. Kg4 Bd2 52. Kf5 Bxf3 53. Kxe5 g4 54. c6 g3 55. Rd7+ Kc8 56. Rxd2 g2 57. Rxg2 Bxg2 58. Kd6 Be4 59. a3 Bd3 60. Kc5 Kc7 61. b4 axb4 62. axb4 Be2 63. b5 Bxb5 64. Kxb5 Kc8 65. Kb6 Kb8 66. Kc5 Kc7 67. Kd5 Kc8 68. Kd6 Kd8 69. Kc5 Kc7 70. Kb5 Kc8 71. Kc4 Kd8 72. Kd4 Kc8 73. Ke5 Kc7 74. Kd5 Kc8 75. Kd6 Kd8 76. c7+ Kc8 77. Kc6 1/2-1/2


[Site "https://www.chess.com"]

[Event "Titled Tuesday Blitz June 8 2021"]
[White "Hebden, Mark L"]
[Black "Vokhidov, Shamsiddin"]
[WhiteFideId "400084"]
[BlackFideId "14204223"]
[WhiteElo "2457"]
[BlackElo "2572"]
[Result "0-1"]
[Round "02"]
[TimeControl "180+1"]
[Date "2021.06.08"]
[WhiteClock "0:00:38"]
[BlackClock "0:01:21"]

1. d4 Nf6 2. Nf3 e6 3. c3 b6 4. Bg5 Bb7 5. Nbd2 Be7 6. e3 h6 7. Bh4 d6 8. Bd3 Nbd7 9. Qe2 g5 10. Bg3 Nh5 11. e4 c5 12. O-O-O Qc7 13. Kb1 O-O-O 14. Ba6 Bxa6 15. Qxa6+ Qb7 16. Qxb7+ Kxb7 17. d5 b5 18. Nf1 Ndf6 19. dxe6 fxe6 20. N1d2 Ng4 21. Rhf1 Rhf8 22. Rde1 Bf6 23. Kc2 Bg7 24. h3 Nxg3 25. fxg3 Ne5 26. Nxe5 Bxe5 27. g4 Rf4 28. Rxf4 Bxf4 29. Nf3 Kc6 30. b3 a5 31. c4 a4 32. Rf1 Ra8 33. cxb5+ Kxb5 34. Kb2 axb3 35. axb3 Kb4 36. e5 d5 37. h4 Ra3 38. hxg5 hxg5 39. g3 Rxb3+ 40. Kc2 Be3 41. Rb1 Rxb1 42. Kxb1 Kc3 0-1


[Site "https://www.chess.com"]

[Event "Titled Tuesday Blitz June 8 2021"]
[White "Indjic, Aleksandar"]
[Black "Harshavardhan G B"]
[WhiteFideId "911925"]
[BlackFideId "25059009"]
[WhiteElo "2643"]
[BlackElo "1825"]
[Result "1-0"]
[Round "02"]
[TimeControl "180+1"]
[Date "2021.06.08"]
[WhiteClock "0:01:59"]
[BlackClock "0:01:08"]

1. d4 Nf6 2. Nf3 g6 3. Bg5 Bg7 4. c3 O-O 5. Nbd2 d6 6. e3 Nbd7 7. Bd3 c5 8. O-O b6 9. e4 Bb7 10. h3 e5 11. dxe5 Nxe5 12. Nxe5 dxe5 13. Qe2 h6 14. Bh4 Qd7 15. Rfd1 Rad8 16. Nc4 Qe6 17. Bg3 Nh5 18. a4 Nf4 19. Bxf4 exf4 20. Nd2 f5 21. Bc4 Bd5 22. exd5 Qxe2 23. Bxe2 Kh7 24. Nc4 Rfe8 25. Kf1 g5 26. d6 Kg6 27. Rd5 h5 28. d7 Re7 29. Rad1 g4 30. Bd3 Rf7 31. Rxf5 Rxf5 32. Nd6 Bf8 33. Bxf5+ Kf6 34. Nb7 1-0


[Site "https://www.chess.com"]